 Dungeon Crawl Stone Soup version 0.32-a0-411-g744942f433 (webtiles) character file.

Game seed: 14346669188197660253

8443 dialectric the Spear-Bearer (level 11, -4/129 HPs)
             Began as a Coglin Berserker on Feb 21, 2024.
             Was a High Priest of Trog.
             Slain by Urug
             ... wielding a +7 great sword
              (19 damage)
             ... on level 10 of the Dungeon.
             The game lasted 00:17:46 (9254 turns).

dialectric the Spear-Bearer (Coglin Berserker)      Turns: 9254, Time: 00:17:46

Health: -4/129     AC: 21    Str: 19    XL:     11   Next: 31%
Magic:  0/18       EV: 10    Int:  5    God:    Trog [*****.]
Gold:   1288       SH:  0    Dex: 18    Spells: 10/10 levels left

rFire   . . .        z - +3 spear {Kheti}
rCold   x . .        I - +0 trident {Francisca}
rNeg    . . .        l - +0 chain mail
rPois   .            e - +0 helmet of Instinct {Fly}
rElec   .            x - +0 cloak
rCorr   .            v - +0 pair of gloves
SInv    +            J - +2 pair of boots
Will    .....        q - amulet of guardian spirit Stlth
                     w - ring of magical power
HPRegen 0.41/turn    y - ring of see invisible
MPRegen 0.16/turn

%: guardian spirit
@: berserking, flying, revved, very quick
A: off-hand wielding, slow wielding, warmup strikes, legs shutdown, iridescent
scales 1, agile 1, low MP 1, weak 1, cold vulnerability 1
a: Renounce Religion, Berserk, Trog's Hand, Brothers in Arms


You were on level 10 of the Dungeon.
You worshipped Trog.
Trog was extremely pleased with you.
You visited 1 branch of the dungeon, and saw 10 of its levels.
You also visited: Bailey.

You collected 1327 gold pieces.
You spent 39 gold pieces at shops.

Inventory:

Hand Weapons
 f - a +2 scimitar of freezing
 z - a +3 spear (weapon) {Kheti}
 D - a +0 broad axe
 E - a +0 broad axe
 I - a +0 trident (offhand) {Francisca}
 O - a +5 morningstar of freezing
Missiles
 c - 5 javelins (quivered)
 K - a throwing net
Armour
 e - the +0 helmet of Instinct (worn) {Fly}
   (You found it in a bailey)

   Fly:       It grants you flight.
 l - a +0 chain mail (worn)
 v - a +0 pair of gloves (worn)
 x - a +0 cloak (worn)
 F - a +0 plate armour
 J - a +2 pair of boots (worn)
 P - a scarf of resistance
Jewellery
 j - a ring of ice
 q - an amulet of guardian spirit (around neck)
 w - a ring of magical power (left grasper)
 y - a ring of see invisible (right grasper)
 B - an amulet of magic regeneration
 N - a +4 ring of slaying
Wands
 b - a wand of roots (12)
 L - a wand of paralysis (8)
Scrolls
 h - a scroll of fear
 i - a scroll of identify
 k - 3 scrolls of teleportation
 o - a scroll of poison
 u - a scroll of silence
 A - a scroll of noise {unknown}
 M - a scroll of immolation
 Q - a scroll of revelation {unknown}
Potions
 a - a potion of mutation
 d - 3 potions of resistance
 g - a potion of enlightenment {unknown}
 m - a potion of magic {unknown}
 n - 2 potions of brilliance
 p - a potion of invisibility {unknown}
 r - 2 potions of heal wounds {unknown}
 s - 3 potions of lignification
 C - a potion of degeneration {unknown}
 G - a potion of haste {unknown}
 H - a potion of experience


   Skills:
 + Level 7.9 Fighting
 + Level 10.4 Polearms
 + Level 10.2 Armour
 - Level 3.0 Dodging


You had 10 spell levels left.
You didn't know any spells.
Your spell library was empty.

Dungeon Overview and Level Annotations

Branches:
Dungeon (10/15)            Temple (0/1) D:4          Bailey (visited)
   Lair: D:8-11         Orc: D:9-12

Altars:
Ashenzari
Makhleb

Shops:
D:1 ?   D:2 =   D:6 =   D:7 [

Annotations:
D:4 exclusion: oklob sapling, zenocrate's ghost, weakling DsDe
D:8 1 transporter
D:10 Urug


Innate Abilities, Weirdness & Mutations

You can wield a second weapon in your off-hand.
It takes a long time for you to wield or remove held weapons.
Your first few attacks do less damage.
Attacking and casting redirects power from your legs.
You are partially covered in iridescent scales. (AC +2)
You are agile. (Dex +4, Str/Int -1)
Your magical capacity is low. (-10% MP)
You are weak. (Str -2)
You are vulnerable to cold. (rC-)


Message History

Unknown command.
Okay, then.
You hit Urug with your +3 spear.
Urug is almost dead.
You closely miss Urug with your +0 trident.
Unknown command.
You hit Urug with your +3 spear.
Urug is almost dead.
You hit Urug with your +0 trident. Urug hits you with a +7 great sword!!
* * * LOW HITPOINT WARNING * * *
You closely miss Urug with your +3 spear.
Urug is almost dead.
You hit Urug with your +0 trident. Urug hits you with a +7 great sword.
* * * LOW HITPOINT WARNING * * *
Unknown command.
You hit Urug but do no damage.
Urug is almost dead.
You barely miss Urug with your +3 spear.
Unknown command.
You hit Urug but do no damage.
Urug is almost dead.
You barely miss Urug with your +3 spear.
Your hearing returns.
Urug hits you with a +7 great sword!
* * * LOW HITPOINT WARNING * * *
Unknown command.
You hit Urug but do no damage.
Urug is almost dead.
You hit Urug but do no damage. Urug barely misses you.
Unknown command.
Unknown command.
Unknown command.
You feel better.
You are no longer unable to travel.
Urug closely misses you.
A red film seems to cover your vision as you go berserk!
You feel yourself moving faster!
You feel mighty! Urug hits you with a +7 great sword!!
You die...
Urug screams, "Revenge at last!"

#.# #.#
..#####.####
####........#
#........#
#........#
#........#
###........#
###....##.####
#@..#####.#
#...$..o###
#<# ..###....
.. ##.... .
####.# .# .# .


You could see Urug.

Vanquished Creatures
  An orc high priest (Bailey)
  An orc sorcerer (Bailey)
  Maurice (D:8)
  A kobold demonologist (D:9)
  Psyche (D:9)
  2 trolls
  A hornet (D:9)
  2 wyverns
  4 yaks (D:9)
  4 water moccasins
  4 ice beasts
  10 orc warriors
  4 ogres
  3 black bears
  4 centaurs
  A phantom (D:5)
  4 bullfrogs
  A scorpion (D:6)
  9 wights
  A bombardier beetle (D:7)
  2 howler monkeys (D:9)
  3 electric eels (Bailey)
  3 lava snakes (D:7)
  A gnoll bouda (D:8)
  2 hounds
  Crazy Yiuf (D:5)
  7 orc priests
  3 jellies
  Ijyb (D:5)
  A sleepcap (D:6)
  Jessica (D:2)
  3 iguanas
  9 orc wizards
  10 adders
  7 gnolls
  2 shadow imps
  2 ufetubi (D:5)
  5 dart slugs
  A ribbon worm (D:3)
  31 orcs
  3 ball pythons
  6 bats
  5 endoplasms
  6 giant cockroaches
  17 goblins
  12 hobgoblins
  3 jackals (D:4)
  3 kobolds
  A quokka (D:2)
  4 frilled lizards
  3 rats
217 creatures vanquished.

Vanquished Creatures (others)
  A centaur (D:6)
1 creature vanquished.

Grand Total: 218 creatures vanquished

Notes
Turn   | Place    | Note
-------+----------+-------------------------------------------
     0 | D:1      | dialectric the Coglin Berserker began the quest for the
                  | Orb.
     0 | D:1      | Reached XP level 1. HP: 18/18 MP: 1/1
    95 | D:1      | Reached XP level 2. HP: 24/24 MP: 2/2
   297 | D:1      | Reached XP level 3. HP: 29/29 MP: 3/3
   625 | D:1      | Found Gocom's Magic Scroll Shop.
   633 | D:1      | Bought a scroll of teleportation for 39 gold pieces
   831 | D:2      | Found Hiptabuputu's One-of-a-Kind Rings.
   846 | D:2      | Noticed Jessica
   854 | D:2      | Killed Jessica
   854 | D:2      | Reached ** piety under Trog
   855 | D:2      | Reached XP level 4. HP: 30/36 MP: 4/4
  1414 | D:2      | Found a faded altar of an unknown god.
  1583 | D:3      | Reached XP level 5. HP: 42/42 MP: 5/5
  2383 | D:4      | Noticed zenocrate's ghost (weakling DsDe)
  2538 | D:4      | Found a burning altar of Makhleb.
  2612 | D:4      | Reached XP level 6. HP: 46/48 MP: 6/6
  2903 | D:4      | Found a staircase to the Ecumenical Temple.
  3032 | D:5      | Entered Level 5 of the Dungeon
  3086 | D:5      | Reached XP level 7. HP: 54/54 MP: 7/7
  3124 | D:5      | Noticed Ijyb
  3147 | D:5      | Killed Ijyb
  3147 | D:5      | Reached *** piety under Trog
  3148 | D:5      | Reached skill level 5 in Polearms
  3457 | D:5      | Reached skill level 5 in Armour
  3463 | D:5      | Gained mutation: You are agile. (Dex +4, Str/Int -1)
                  | [potion of mutation]
  3463 | D:5      | Gained mutation: You have hidden genetic defects. [potion
                  | of mutation]
  3463 | D:5      | Gained mutation: You are vulnerable to cold. (rC-) [potion
                  | of mutation]
  3463 | D:5      | Gained mutation: You are partially covered in iridescent
                  | scales. (AC +2) [potion of mutation]
  3596 | D:5      | Reached XP level 8. HP: 46/60 MP: 8/8
  3677 | D:5      | Gained mutation: Your magical capacity is low. (-10% MP)
                  | [hidden defects]
  4513 | D:5      | Found a runed translucent door.
  4514 | D:5      | Noticed Crazy Yiuf
  4520 | D:5      | Killed Crazy Yiuf
  4525 | D:5      | Gained mutation: You are weak. (Str -2) [hidden defects]
  4525 | D:5      | Lost mutation: You have hidden genetic defects. [hidden
                  | defects expressed]
  4558 | D:6      | Noticed a troll
  4813 | D:6      | Killed a troll
  4864 | D:6      | Reached XP level 9. HP: 30/65 MP: 8/8
  5267 | D:6      | Found Gigejom's Jewellery Boutique.
  5834 | D:7      | Found a flagged portal.
  5851 | Bailey   | Entered a bailey
  6070 | Bailey   | Reached **** piety under Trog
  6190 | Bailey   | Found an iron altar of Okawaru.
  6192 | Bailey   | Noticed an orc sorcerer
  6192 | Bailey   | Noticed an orc high priest
  6194 | Bailey   | Noticed a soul eater
  6357 | Bailey   | Reached skill level 5 in Fighting
  6357 | Bailey   | Reached XP level 10. HP: 74/74 MP: 9/9
  6417 | Bailey   | Noticed an orange demon
  6417 | Bailey   | Killed an orc sorcerer
  6564 | Bailey   | Acquired 818 gold pieces
  6710 | Bailey   | Killed an orc high priest
  6774 | Bailey   | Identified the +0 helmet of Instinct {Fly}
  7129 | D:7      | Found Bumaynaf's Armour Shoppe.
  7249 | D:8      | Found a transporter.
  7251 | D:8      | Noticed a gargoyle
  7462 | D:8      | Noticed Maurice
  7489 | D:8      | Killed Maurice
  7774 | D:7      | Found Iniut's Magic Scroll Emporium.
  8056 | D:7      | Reached skill level 10 in Polearms
  8062 | D:7      | Reached ***** piety under Trog
  8350 | D:9      | Reached XP level 11. HP: 84/84 MP: 9/9
  8526 | D:9      | Reached skill level 10 in Armour
  8657 | D:9      | Found a broken altar of Ashenzari.
  8894 | D:9      | Noticed Psyche
  8901 | D:9      | Killed Psyche
  9188 | D:10     | Entered Level 10 of the Dungeon
  9234 | D:10     | Noticed Urug
  9251 | D:10     | HP: 3/86 [Urug/+7 great sword (12)]
  9254 | D:10     | Slain by Urug

Illustrated notes

Levels and vault maps discovered:
D:1:      onia_arrival_pyramid, layout_loops_ring, serial_shops, shop
D:2:      layout_loops_ring, dreamdust_ecumenical_altar_hidden_monk_grotto,
          nicolae_shop_unique_rings, uniq_jessica
D:3:      layout_basic
D:4:      layout_loops_cross, mainiacjoe_overflow_alcove_2,
          minmay_temple_entry_oklob, gammafunk_ghost_gnarly_gnolls,
          kennysheep_potato
D:5:      layout_layer_cave, uniq_crazy_yiuf_cottage, uniq_ijyb
D:6:      layout_cave_pools, serial_shops, shop
D:7:      layout_loops_cross, enter_bailey_6, serial_shops,
          nicolae_inconvenience_store, kennysheep_windowed_goal
D:8:      minmay_inner_zag, layout_cave_pools, lair_entry_dummy,
          gammafunk_ghost_arena, grunt_ministairs_5, uniq_prince_ribbit1,
          uniq_maurice
D:9:      layout_rooms, kennysheep_diamond, uniq_psyche
D:10:     layout_rooms, uniq_sonja, uniq_urug

Skill      XL: |  1  2  3  4  5  6  7  8  9 10 11 |
---------------+----------------------------------+-----
Armour         | 2 3 4 5 6 8 9 10 | 10.2
Dodging        | 2 3 |  3.0
Polearms       | 3 4 5 7 8 10 | 10.4
Fighting       | 4 5 7 |  7.9

Action                     |  1- 3 |  4- 6 |  7- 9 | 10-12 || total
---------------------------+-------+-------+-------+-------++-------
  Melee: Spear             |    94 |   230 |   690 |   333 ||  1347
         Trident           |       |       |       |   225 ||   225
  Throw: Javelin           |       |       |     3 |       ||     3
 Invoke: Berserk           |       |     3 |     8 |     6 ||    17
    Use: Scroll            |       |       |     6 |     8 ||    14
         Potion            |       |       |     1 |     1 ||     2
   Stab: Sleeping          |     2 |     2 |       |       ||     4
 Armour: Animal skin       |    25 |    31 |       |       ||    56
         Chain mail        |       |    31 |   246 |   161 ||   438
         Skin              |       |       |       |     7 ||     7
  Dodge: Dodged            |    25 |    62 |   109 |    55 ||   251

Table legend: (Time is in decaauts)
 A = Elapsed time spent in this place.
 B = Non-inter-level travel time spent in this place.
 C = Inter-level travel time spent in this place.
 D = Time resting spent in this place.
 E = Time spent auto-exploring this place.
 F = Levels seen in this place.
 G = Mean time per level.
                   A        B        C        D        E       F      G
               +--------+--------+--------+--------+--------+-----+--------+
         Total |   9195 |   8634 |    561 |    600 |   5688 |  11 |  835.9 |
       Dungeon |   8196 |   7635 |    561 |    284 |   5519 |  10 |  819.6 |
        Bailey |    999 |    999 |      0 |    316 |    169 |   1 |  999.0 |
               +--------+--------+--------+--------+--------+-----+--------+

Top non-repeatable levels by time:
     D:5: 1718 daAuts
     D:7: 1127 daAuts
  Bailey: 999 daAuts
     D:6: 942 daAuts
     D:9: 862 daAuts
     D:3: 821 daAuts
     D:1: 767 daAuts
     D:4: 724 daAuts
     D:2: 718 daAuts
     D:8: 454 daAuts
    D:10: 59 daAuts
